 Dungeon Crawl Stone Soup version 0.15-a0-1646-g393eda0 (console) character file.

7275 cocytus the Basher (level 11, -1/100 HPs)
             Began as an Ogre Fighter on June 22, 2014.
             Was a High Priest of Cheibriados.
             Slain by a hippogriff (3 damage)
             ... on Level 1 of the Lair of Beasts.
             The game lasted 00:29:15 (4745 turns).

cocytus the Basher (Ogre Fighter)                   Turns: 4745, Time: 00:29:15

HP  -1/100       AC  4     Str 38      XL: 11   Next: 12%
MP   0/21        EV 19     Int 19      God: Cheibriados [*****.]
Gold 212         SH  0     Dex 21      Spells:  1 memorised,  6 levels left

rFire  + . .     SeeInvis .     I - +1 giant spiked club
rCold  x . .     Clarity  .     k - +1 robe
rNeg   . . .     rCorr    .     (shield restricted)
rPois  .         rRot     .     (helmet restricted)
rElec  .         Spirit   +     (no cloak)
SustAb .         Warding  .     (gloves unavailable)
rMut   .         Stasis   .     (boots unavailable)
Gourm  .                        A - amulet of guardian spirit
MR     ++...                    s - cursed ring of fire
                                h - ring of protection from magic

@: very slow, very resistant to hostile enchantments, unstealthy
A: unfitting armour, tough skin 1
a: Bend Time, Temporal Distortion, Slouch, Step From Time, Renounce Religion


You were on level 1 of the Lair of Beasts.
You worshipped Cheibriados.
Cheibriados was extremely pleased with you.
You were not hungry.

You visited 2 branches of the dungeon, and saw 13 of its levels.

You collected 392 gold pieces.
You spent 180 gold pieces at shops.

Inventory:

Hand weapons
 a - a +0 giant club
 e - a +1 morningstar
 I - a +1 giant spiked club (weapon)
Missiles
 g - 4 curare-tipped needles
Armour
 c - a +0 shield
 k - a +1 robe (worn)
Magical devices
 j - a wand of confusion (11)
 n - a wand of random effects (8)
 q - a wand of teleportation (0)
Comestibles
 d - 6 meat rations
 m - 7 bread rations
Scrolls
 b - 2 scrolls of magic mapping
 i - a scroll of vulnerability
 u - 2 scrolls of teleportation {unknown}
 x - a scroll of enchant armour
 y - 3 scrolls of remove curse
 J - a scroll of recharging {unknown}
 L - a scroll of blinking {unknown}
Jewellery
 h - a ring of protection from magic (left hand)
 o - an uncursed ring of invisibility
 s - a cursed ring of fire (right hand)
 A - an amulet of guardian spirit (around neck)
 D - an uncursed ring of protection from magic
Potions
 f - 5 potions of curing {unknown}
 p - a potion of heal wounds
 r - 3 potions of might
 t - 2 potions of magic
 w - a potion of restore abilities {unknown}
 z - a potion of invisibility {unknown}
 M - 2 potions of brilliance {unknown}


   Skills:
 - Level 4.0 Fighting
 + Level 14.3 Maces & Flails
 + Level 10.4 Dodging
 - Level 2.6 Shields
 - Level 6.1 Invocations


You had 6 spell levels left.
You knew the following spells:

 Your Spells              Type           Power        Failure   Level  Hunger
a - Control Teleport      Chrm/Tloc      #.........   99%         4    #####..


Dungeon Overview and Level Annotations

Branches:
Dungeon (10/15)            Temple (0/1) D:6            Lair (3/8) D:9
    Orc: D:9-12       Swamp: Lair:3-6    Shoals: Lair:3-6     Snake: Lair:3-6
 Spider: Lair:3-6

Altars:
Cheibriados
Elyvilon
Fedhas
Okawaru
Qazlal
Sif Muna
Trog

Shops:
D:4 }(   D:6 ??}


Innate Abilities, Weirdness & Mutations

You are too large for most types of armour.
You have tough skin (AC +1).


Message History

The spiny frog stings you!
* * * LOW HITPOINT WARNING * * *
The hippogriff bites you.
* * * LOW HITPOINT WARNING * * *
The hippogriff completely misses you.
The hippogriff claws you but does no damage.
Drink which item? (? for menu, Esc to quit)
Okay, then.
You impale the spiny frog!!
You kill the spiny frog!
Cheibriados thoroughly appreciates the change of pace.
The hippogriff misses you. x2
The hippogriff claws you.
* * * LOW HITPOINT WARNING * * *
You completely miss the hippogriff.
The hippogriff is moderately wounded.
The hippogriff bites you!
* * * LOW HITPOINT WARNING * * *
The hippogriff pecks you.
You die...

##### ###
###.#.#####P#
##...........#
#.
##............##
#..#
....#####.##...#
##..## .#..#
####...##.....#
P..##
###..##.....#
...#
#..........##
####
##..###H@..# ###
#.%.........
##..#......
......####
......##
P...##.# ####..
.. ### ..


You could see a hippogriff.

Vanquished Creatures
  The ghost of Amnesiac the Carver, a powerful HuGl of Okawaru (Lair:2)
  Pikel (D:5)
  A hill giant (D:9)
  3 spiny frogs
  A komodo dragon (Lair:2)
  Grinder (D:5)
  A basilisk (Lair:2)
  A human (D:7)
  A hippogriff (D:9)
  2 wyverns
  A deep elf mage (D:9)
  2 wolves (Lair:2)
  2 water moccasins
  A porcupine (Lair:2)
  An ogre skeleton (D:9)
  An ice beast (D:9)
  A black bear (D:8)
  An ogre (D:8)
  2 sky beasts
  2 phantoms
  A centaur (D:7)
  3 crocodiles
  A big kobold (D:10)
  3 scorpions
  A troll zombie (D:9)
  A killer bee (D:9)
  4 wights (D:5)
  7 crimson imps
  2 centaur zombies
  2 hounds
  4 orc priests
  A giant frog zombie (D:6)
  3 orc wizards
  A giant frog skeleton (D:7)
  9 sheep
  5 worker ants
  Ijyb (D:4)
  Jessica (D:2)
  A hound zombie (D:7)
  2 hound skeletons
  10 adders
  A gnoll (D:4)
  A giant mite (D:9)
  2 worms
  An adder skeleton (D:9)
  An ooze (D:4)
  21 orcs
  3 giant cockroaches
  11 hobgoblins
  11 jackals
  7 quokkas
  6 bats
  3 giant geckos
  2 giant newts
  6 goblins
  17 kobolds
  An orc skeleton (D:7)
  13 rats
  2 rat skeletons
  A rat zombie (D:7)
  2 fungi (D:9)
202 creatures vanquished.

Vanquished Creatures (others)
  A hound (D:5)
  An orc priest (D:5)
  A giant mite (D:5)
  2 orcs (D:5)
  A giant gecko (D:5)
  A rat (D:5)
7 creatures vanquished.

Grand Total: 209 creatures vanquished

Notes
Turn   | Place    | Note
--------------------------------------------------------------
     0 | D:1      | cocytus, the Ogre Fighter, began the quest for the Orb.
     0 | D:1      | Reached XP level 1. HP: 24/24 MP: 1/1
    88 | D:1      | Reached XP level 2. HP: 14/32 MP: 2/2
   220 | D:2      | Reached XP level 3. HP: 19/39 MP: 3/3
   228 | D:2      | Found a snail-covered altar of Cheibriados.
   249 | D:2      | Became a worshipper of Cheibriados the Contemplative
   428 | D:2      | Noticed Jessica
   440 | D:2      | Killed Jessica
   440 | D:2      | Reached skill level 5 in Maces & Flails
   440 | D:2      | Reached skill level 1 in Invocations
   519 | D:2      | Reached XP level 4. HP: 38/48 MP: 4/4
   563 | D:3      | Found a stormy altar of Qazlal.
   574 | D:3      | Reached XP level 5. HP: 29/54 MP: 4/6
   636 | D:3      | Found an iron altar of Okawaru.
   801 | D:3      | Found a white marble altar of Elyvilon.
  1086 | D:4      | Reached skill level 6 in Maces & Flails
  1102 | D:4      | Found Umis Opa's Weapon Shoppe.
  1166 | D:4      | Found Niajoall's Gadget Emporium.
  1429 | D:4      | Noticed Ijyb
  1439 | D:4      | Killed Ijyb
  1439 | D:4      | Reached XP level 6. HP: 51/62 MP: 6/10
  1585 | D:5      | Entered Level 5 of the Dungeon
  1689 | D:5      | Reached skill level 7 in Maces & Flails
  1728 | D:5      | Noticed Grinder
  1728 | D:5      | Paralysed by Grinder for 3 turns
  1738 | D:5      | Paralysed by something for 2 turns
  1758 | D:5      | Paralysed by something for 7 turns
  1771 | D:5      | Paralysed by Grinder for 4 turns
  1798 | D:5      | Killed Grinder
  1798 | D:5      | Reached skill level 9 in Maces & Flails
  1798 | D:5      | Reached XP level 7. HP: 53/70 MP: 9/11
  1944 | D:5      | Reached skill level 10 in Maces & Flails
  2250 | D:5      | Noticed Pikel
  2263 | D:5      | Killed Pikel
  2263 | D:5      | Reached skill level 12 in Maces & Flails
  2263 | D:5      | Reached XP level 8. HP: 49/78 MP: 7/13
  2392 | D:6      | Found a staircase to the Ecumenical Temple.
  2429 | D:6      | Found Jogij's Gadget Shop.
  2450 | D:6      | Found Ocraotsa's Magic Scroll Emporium.
  2455 | D:6      | Bought a scroll of magic mapping for 42 gold pieces
  2455 | D:6      | Bought a scroll of identify for 24 gold pieces
  2455 | D:6      | Bought a scroll of identify for 24 gold pieces
  2455 | D:6      | Bought a scroll of enchant armour for 90 gold pieces
  2467 | D:6      | Found Jurausk's Magic Scroll Boutique.
  2504 | D:6      | Acquired Cheibriados' first power
  2700 | D:7      | Reached skill level 5 in Dodging
  2700 | D:7      | Reached XP level 9. HP: 23/84 MP: 5/14
  2950 | D:7      | Acquired Cheibriados' second power
  3273 | D:8      | Found a blossoming altar of Fedhas.
  3334 | D:8      | Found a deep blue altar of Sif Muna.
  3395 | D:8      | Found a bloodstained altar of Trog.
  3570 | D:9      | Noticed a hill giant
  3582 | D:9      | Killed a hill giant
  3620 | D:9      | Reached XP level 10. HP: 29/92 MP: 3/18
  3720 | D:9      | Reached skill level 13 in Maces & Flails
  3720 | D:9      | Reached skill level 5 in Invocations
  3763 | D:9      | Found a staircase to the Lair.
  3834 | D:10     | Entered Level 10 of the Dungeon
  3881 | D:10     | Acquired Cheibriados' third power
  4074 | Lair:1   | Entered Level 1 of the Lair of Beasts
  4108 | Lair:1   | Learned a level 4 spell: Control Teleport
  4186 | Lair:2   | Noticed Amnesiac's ghost (powerful HuGl)
  4201 | Lair:2   | Killed Amnesiac's ghost
  4305 | Lair:3   | Noticed a seven-headed hydra
  4569 | Lair:2   | Reached skill level 10 in Dodging
  4591 | Lair:2   | Reached skill level 14 in Maces & Flails
  4591 | Lair:2   | Reached XP level 11. HP: 65/100 MP: 16/21
  4745 | Lair:1   | HP: 2/100 [hippogriff (7)]
  4745 | Lair:1   | Slain by a hippogriff

Action                   |  1- 3 |  4- 6 |  7- 9 | 10-12 || total
-------------------------+-------+-------+-------+-------++-------
Melee: Flail             |    74 |    12 |       |       ||    86
       Morningstar       |       |   161 |   242 |   182 ||   585
       Whip              |       |       |    10 |       ||    10
       Giant spiked club |       |       |       |    12 ||    12
Invok: Bend Time         |       |     2 |     8 |     4 ||    14
Evoke: Wand              |       |     2 |     1 |     2 ||     5
  Use: Scroll            |       |     6 |     6 |     4 ||    16
       Potion            |       |     3 |       |     2 ||     5
 Stab: Sleeping          |       |       |     4 |       ||     4
